 Dungeon Crawl Stone Soup version 0.30-a0-900-g23479c02f2 (webtiles) character file.

Game seed: 17096142636933952009

4866 Lobster4 the Summoner (level 10, -2/58 HPs)
             Began as a Tengu Summoner on Mar 18, 2023.
             Was a Believer of Sif Muna.
             Shot with an arrow by a centaur warrior (14 damage)
             ... on level 9 of the Dungeon.
             The game lasted 00:33:30 (9363 turns).

Lobster4 the Summoner (Tengu Summoner)              Turns: 9363, Time: 00:33:31

Health: -2/58      AC:  8    Str:  9    XL:     10   Next: 50%
Magic:  11/27      EV: 16    Int: 26    God:    Sif Muna [**....]
Gold:   280        SH:  0    Dex: 14    Spells: 5/18 levels left

rFire   . . .      SeeInvis .    u - +3 short sword (speed)
rCold   . . .      Faith    .    (no shield)
rNeg    . . .      Spirit   .    p - +3 leather armour {rPois}
rPois   +          Reflect  .    (helmet restricted)
rElec   .          Rampage  .    w - scarf {repulsion}
rCorr   .                        E - +1 pair of gloves
Will    .....                    (boots unavailable)
Stlth   ++                       (no amulet)
HPRegen 0.29/turn                B - +6 ring of intelligence
MPRegen 0.20/turn                z - ring of magical power

@: flying quickly and evasively, repel missiles, quick
A: beak, talons 3, nimble flight
a: Renounce Religion, Channel Magic


You were on level 9 of the Dungeon.
You worshipped Sif Muna.
Sif Muna was pleased with you.
You visited 2 branches of the dungeon, and saw 10 of its levels.
You also visited: Sewer.

You collected 480 gold pieces.
You spent 200 gold pieces at shops.

Inventory:

Hand Weapons
 h - a +0 short sword
 m - a +0 whip of electrocution
 n - a +0 sling
 s - a +2 short sword of venom
 u - a +3 short sword of speed (weapon)
Missiles
 l - 36 poisoned darts (quivered)
 C - 2 curare-tipped darts
 G - 2 boomerangs
Armour
 p - a +3 leather armour of poison resistance (worn)
 v - a +0 cloak
 w - a scarf of repulsion (worn)
 E - a +1 pair of gloves (worn)
 I - a +0 kite shield
Magical Staves
 t - a staff of conjuration
Jewellery
 z - a ring of magical power (right hand)
 A - a ring of poison resistance
 B - a +6 ring of intelligence (left hand)
Wands
 o - a wand of mindburst (29)
 K - a wand of flame (7)
 L - a wand of charming (9)
 O - a wand of light (11)
Scrolls
 a - a scroll of acquirement
 d - 5 scrolls of teleportation
 i - 2 scrolls of fear
 j - a scroll of blinking
 r - 3 scrolls of enchant weapon
 y - a scroll of enchant armour
 D - a scroll of poison
 H - a scroll of silence {unknown}
 N - a scroll of fog
Potions
 b - 2 potions of magic
 c - 3 potions of heal wounds
 f - 3 potions of brilliance
 g - a potion of invisibility
 k - 3 potions of lignification
 x - a potion of attraction
 J - a potion of mutation
 M - a potion of curing


   Skills:
 + Level 4.9 Fighting
 - Level 4.0 Short Blades
 - Level 2.0 Throwing
 + Level 5.2 Armour
 + Level 5.7 Dodging
 - Level 4.0 Stealth
 + Level 2.5 Shields
 + Level 4.8 Spellcasting
 + Level 2.7 Hexes
 * Level 9.6 Summonings
 + Level 3.2 Air Magic
 + Level 2.6 Invocations
 + Level 2.9 Evocations


You had 5 spell levels left.
You knew the following spells:

 Your Spells              Type           Power      Damage    Failure   Level
a - Summon Small Mammal   Summ           100%       N/A       1%          1
b - Call Imp              Summ           54%        N/A       1%          2
c - Call Canine Familiar  Summ           54%        N/A       1%          3
d - Summon Guardian Gole  Hex/Summ       38%        N/A       2%          3
e - Summon Lightning Spi  Summ/Air       39%        N/A       8%          4

Your spell library contained the following spells:

 Spells                   Type           Power      Damage    Failure   Level
 Apportation              Tloc           12%        N/A       11%         1
 Beastly Appendage        Tmut           12%        N/A       11%         1
 Kiss of Death            Conj/Necr      24%        2d7       11%         1
 Sublimation of Blood     Necr           6%         N/A       16%         2
 Vhi's Electric Charge    Tloc/Air       28%        N/A       16%         3
 Inner Flame              Hex/Fire       13%        N/A       17%         3
 Portal Projectile        Hex/Tloc       26%        N/A       17%         3
 Leda's Liquefaction      Hex/Erth       6%         N/A       50%         4
 Flame Wave               Conj/Fire      6%         2d5       71%         4
 Petrify                  Tmut/Erth      6%         N/A       71%         4
 Sticky Flame             Conj/Fire      6%         2d3       71%         4
 Arcjolt                  Conj/Air       7%         1d17      82%         5
 Irradiate                Conj/Tmut      3%         3d12      96%         5
 Iskenderun's Battlesphe  Conj           6%         2d6       96%         5
 Iron Shot                Conj/Erth      3%         9d2       100%        6
 Spellforged Servitor     Conj/Summ      15%        N/A       100%        7
 Maxwell's Capacitive Co  Air            11%        ∞         100%        8
 Chain Lightning          Conj/Air       7%         3d9       100%        9
 Fire Storm               Conj/Fire      3%         8d1       100%        9
 Shatter                  Erth           3%         3d7*      100%        9


Dungeon Overview and Level Annotations

Branches:
Dungeon (9/15)             Temple (1/1) D:6           Sewer (visited)
   Lair: D:8-11         Orc: D:9-12

Altars:
Ashenzari
Dithmenos
Elyvilon
Fedhas
Gozag
Kikubaaqudgha
Okawaru
Qazlal
Sif Muna
Trog
Uskayaw
Wu Jian
Yredelemnul
Zin

Shops:
D:2 =


Innate Abilities, Weirdness & Mutations

You have a beak for a mouth.
You have claws for feet.
Your magical nature lets you fly swiftly and evasively.


Message History

The two-headed ogre hits your wolf with a +0 giant club.
Flame seeps out of your guardian golem.
Your wolf bites the two-headed ogre but does no damage.
The hornet misses your wolf.
Your guardian golem is engulfed in blazing flames.
Flame seeps out of your guardian golem.
Your wolf bites the two-headed ogre.
The yak gores your guardian golem but does no damage.
The centaur warrior wields a +0 shortbow.
The centaur warrior shoots an arrow.
The arrow hits your wolf! Flame seeps out of your guardian golem.
You hear a shout!
Your wolf completely misses the yak.
Something stings your wolf.
Your wolf suddenly stops moving!
Flame seeps out of your guardian golem.
Your lightning spire shoots out a bolt of lightning at the yak!
The bolt of electricity hits your guardian golem.
Your guardian golem resists.
Your guardian golem disappears in a puff of smoke!
The bolt of electricity hits the yak!
Your guardian golem explodes!
The fiery explosion engulfs the yak!!
The yak dies!
Sif Muna accepts your kill. The fiery explosion engulfs your wolf!!
Your wolf dies!
Your wolf's corpse disappears in a puff of smoke!
The centaur warrior shoots an arrow.
The arrow hits you!!
Your lightning spire shoots out a bolt of lightning at the centaur warrior!
The bolt of electricity hits the centaur warrior!
The centaur warrior shoots an arrow.
The arrow misses you.
Casting: Summon Lightning Spire (dangerous; 8% risk of failure)
Confirm with . or Enter, or press ? or * to list all spells.
The centaur warrior shoots an arrow.
The arrow completely misses you.
The centaur warrior shoots an arrow.
The arrow hits you!!
* * * LOW HITPOINT WARNING * * *
Unknown command.
Casting: Summon Small Mammal (safe; 1% risk of failure)
Confirm with . or Enter, or press ? or * to list all spells.
The centaur warrior shoots an arrow.
The arrow hits you!
You die...

#...# ..........# #...#
..........# #...# h°..#
#.........# #...# yR.#
#.........# #...# ..#
#.........###########...###
.#
#........[...........c....# .
#.......................###
#...........@.r...........#
#.....#'#####r..........§§###
#...>.#.....#.........8.§.§OF
#.....#.....+........#####§..
#.....#.....#........# #.c.
#..?).#######....?...# #...
#....................# #...
#....................# #...
#....................# #...


You could see a centaur warrior (ally target) and 2 friendly quokkas.

Vanquished Creatures
  Sigmund (D:3)
  4 yaks
  A centaur (D:5)
  A phantom (D:6)
  2 kobold brigands
  A gnoll sergeant (D:7)
  A bullfrog (D:7)
  2 scorpions (D:4)
  2 killer bees (D:8)
  2 jellies
  2 howler monkeys
  Crazy Yiuf (D:3)
  2 hounds
  2 iguanas
  Natasha (thrice) (D:3)
  2 gnolls (D:7)
  3 adders
  2 river rats
  A shadow imp (D:8)
  A white imp (D:7)
  An ufetubus (D:5)
  4 worms
  A dart slug (D:2)
  8 orcs
  4 ball pythons
  6 endoplasms (Sewer)
  2 giant cockroaches
  6 goblins
  2 hobgoblins
  3 jackals
  A quokka (D:6)
  2 bats
  15 kobolds
  A kobold skeleton (D:5)
  5 rats
97 creatures vanquished.

Vanquished Creatures (collateral kills)
  An efreet (D:9)
  A hornet (D:7)
  A wraith (D:9)
  A human (D:5)
  2 yaks (D:8)
  A water moccasin (D:7)
  A black bear (D:6)
  A sky beast (D:8)
  2 ice beasts
  3 kobold brigands
  A bullfrog (D:7)
  A scorpion (D:5)
  3 killer bees (D:8)
  A hound (D:5)
  2 orc priests (D:5)
  2 jellies (D:5)
  2 sleepcaps
  2 gnoll boudas
  Ijyb (D:3)
  An iguana (D:7)
  An orc wizard (D:8)
  8 gnolls
  10 adders
  A river rat (Sewer)
  A white imp (D:8)
  3 worms
  13 orcs
  3 endoplasms
  3 hobgoblins
  7 jackals
  2 quokkas
  3 ball pythons
  3 frilled lizards
  3 goblins
  10 kobolds
  A kobold zombie (D:5)
  3 rats
105 creatures vanquished.

Vanquished Creatures (others)
  A komodo dragon (D:9)
  A yak (D:9)
2 creatures vanquished.

Grand Total: 204 creatures vanquished

Notes
Turn   | Place    | Note
-------+----------+-------------------------------------------
     0 | D:1      | Lobster4 the Tengu Summoner began the quest for the Orb.
     0 | D:1      | Reached XP level 1. HP: 10/10 MP: 4/4
   417 | D:1      | Reached XP level 2. HP: 16/16 MP: 6/6
   432 | D:1      | Learned a level 2 spell: Call Imp
   519 | D:1      | Reached skill level 5 in Summonings
  1048 | D:2      | Found Goatz's Jewellery Shop.
  1166 | D:2      | Reached skill level 1 in Armour
  1166 | D:2      | Reached XP level 3. HP: 20/20 MP: 3/7
  1171 | D:2      | Reached skill level 1 in Fighting
  1248 | D:2      | You fall into a shaft and drop 1 floor!
  1403 | D:3      | Noticed Ijyb
  1426 | D:3      | Killed Ijyb
  1427 | D:3      | Reached XP level 4. HP: 23/25 MP: 2/8
  2180 | D:3      | Noticed Sigmund
  2423 | D:2      | Gained mutation: Your magical nature lets you fly swiftly
                  | and evasively. [Tengu growth]
  2423 | D:2      | Reached XP level 5. HP: 27/30 MP: 3/9
  2551 | D:3      | Noticed Natasha
  2564 | D:3      | Killed Natasha
  2639 | D:3      | Killed Sigmund
  2640 | D:3      | Reached skill level 1 in Short Blades
  2640 | D:3      | Reached skill level 6 in Summonings
  2640 | D:3      | Reached XP level 6. HP: 25/35 MP: 7/11
  2677 | D:3      | Noticed Natasha
  2686 | D:3      | Killed Natasha
  2766 | D:3      | Found a faded altar of an unknown god.
  2871 | D:3      | Noticed Natasha
  2879 | D:3      | Killed Natasha
  2990 | D:3      | Found a runed translucent door.
  2991 | D:3      | Noticed Crazy Yiuf
  3270 | D:3      | Killed Crazy Yiuf
  3344 | D:4      | Found a bloodstained altar of Trog.
  3400 | D:4      | Found an opulent altar of Gozag.
  3482 | D:4      | Reached XP level 7. HP: 23/40 MP: 9/12
  4193 | D:5      | Entered Level 5 of the Dungeon
  4241 | D:4      | Learned a level 3 spell: Call Canine Familiar
  4245 | D:4      | Learned a level 3 spell: Summon Guardian Golem
  4371 | D:5      | Reached skill level 7 in Summonings
  4826 | D:5      | Found a white marble altar of Elyvilon.
  4870 | D:5      | Reached XP level 8. HP: 46/46 MP: 11/14
  5130 | D:5      | Reached skill level 1 in Hexes
  5164 | D:5      | Found a blossoming altar of Fedhas.
  5207 | D:5      | Found a runed translucent door.
  5209 | D:5      | Found a basalt altar of Yredelemnul.
  5384 | D:5      | Found a broken altar of Ashenzari.
  5408 | D:5      | Got Practicing Spellwork
  5504 | D:6      | Found an ancient bone altar of Kikubaaqudgha.
  5506 | D:6      | Found a staircase to the Ecumenical Temple.
  5522 | Temple   | Entered the Ecumenical Temple
  5531 | Temple   | Became a worshipper of Sif Muna the Loreminder
  5542 | D:6      | Identified a scroll of acquirement
  5625 | D:6      | Reached skill level 8 in Summonings
  5687 | D:6      | Found a glowing drain.
  5694 | Sewer    | Entered a sewer
  5959 | Sewer    | Reached skill level 1 in Evocations
  6062 | Sewer    | Reached * piety under Sif Muna
  6075 | Sewer    | Reached skill level 1 in Throwing
  6075 | Sewer    | Reached XP level 9. HP: 46/52 MP: 13/16
  6361 | Sewer    | Reached skill level 1 in Invocations
  6568 | D:2      | Bought a ring of magical power for 200 gold pieces
  7312 | D:7      | Learned a level 4 spell: Summon Lightning Spire
  7458 | D:7      | Found a hide-covered altar of Uskayaw.
  7613 | D:7      | Noticed a hornet
  7638 | D:7      | Killed a hornet
  7639 | D:7      | Reached skill level 5 in Dodging
  7639 | D:7      | Reached skill level 1 in Shields
  7771 | D:7      | Reached skill level 1 in Air Magic
  7879 | D:7      | Found an iron altar of Okawaru.
  8408 | D:8      | Reached ** piety under Sif Muna
  8438 | D:8      | Reached skill level 9 in Summonings
  8438 | D:8      | Reached XP level 10. HP: 38/58 MP: 17/17
  8602 | D:8      | Found a stormy altar of Qazlal.
  8611 | D:8      | Found an ornate altar of the Wu Jian Council.
  8805 | D:8      | Found a glowing silver altar of Zin.
  9058 | D:9      | Reached skill level 5 in Armour
  9342 | D:9      | Noticed a two-headed ogre
  9347 | D:9      | Noticed a centaur warrior
  9363 | D:9      | Shot with an arrow by a centaur warrior

Illustrated notes

Levels and vault maps discovered:
D:1:      dpeg_arrival_tiny_h, layout_loops_cross,
          hangedman_abyss_or_decor_stabs, minmay_misc_feat_five
D:2:      wander_river, layout_loops_cross, serial_shops,
          nicolae_shop_advertising_works [nicolae_subvault_shop_adworks]
D:3:      layout_basic, shapermc_ecumenical_altar_petra, uniq_natasha,
          uniq_crazy_yiuf_cottage, uniq_sigmund, uniq_ijyb
D:4:      layout_loops_ring, grunt_gozag_breadcrumbs,
          mainiacjoe_overflow_chevrons
D:5:      layout_gridville, elyvilon_altar_3, mainiacjoe_overflow_brackets,
          amcnicky_altar_gilded, dk_yredelemnul_ordeal
D:6:      layout_loops_ring, nicolae_kikubaaqudgha_miasma_corner,
          minmay_temple_entry_statues_fountains, gup_sewer_entry_bubbles
D:7:      layout_loops_ring, kennysheep_okawaru_gauntlet,
          nicolae_uskayaw_dance_hall
D:8:      layout_cave_pools, lemuel_crystal_altar,
          mainiacjoe_overflow_concentric_impassable, grunt_qazlal_sundering
D:9:      minmay_bloctagon, layout_irregular_city, minmay_misc_feat_rows,
          minmay_misc_feat_columns, small_statue_intersection,
          minmay_fractal_squares_5
Temple:   nicolae_temple_superstar

Skill      XL: |  1  2  3  4  5  6  7  8  9 10 |
---------------+-------------------------------+-----
Summonings     | 5 6 7 8 9 |  9.6
Armour         | 1 2 3 4 5 |  5.2
Fighting       | 1 2 3 4 |  4.9
Dodging        | 3 4 5 |  5.7
Short Blades   | 1 2 3 4 |  4.0
Spellcasting   | 3 4 |  4.8
Hexes          | 1 2 |  2.7
Stealth        | 3 4 |  4.0
Evocations     | 1 2 |  2.9
Throwing       | 1 2 |  2.0
Invocations    | 2 |  2.6
Shields        | 1 2 |  2.5
Air Magic      | 2 3 |  3.2

Action                     |  1- 3 |  4- 6 |  7- 9 | 10-12 || total
---------------------------+-------+-------+-------+-------++-------
  Melee: Unarmed           |     2 |       |       |       ||     2
         Dagger            |     2 |       |       |       ||     2
         Short sword       |    14 |    93 |   235 |    59 ||   401
         Kick              |     5 |    28 |    79 |    20 ||   132
         Peck              |     1 |    13 |    49 |    15 ||    78
         Punch             |       |     2 |     3 |     2 ||     7
  Throw: Dart              |       |       |     1 |       ||     1
   Cast: Summon Small Mamm |    39 |    48 |    95 |    28 ||   210
         Call Imp          |     8 |    14 |    34 |     6 ||    62
         Call Canine Famil |       |       |    22 |     6 ||    28
         Summon Guardian G |       |       |       |     3 ||     3
         Summon Lightning  |       |       |       |     1 ||     1
    Use: Scroll            |       |       |    18 |     1 ||    19
   Stab: Sleeping          |     2 |     1 |     6 |       ||     9
         Distracted        |       |     1 |     2 |     1 ||     4
 Armour: Robe              |     4 |       |       |       ||     4
         Leather armour    |       |    29 |    49 |    19 ||    97
  Dodge: Dodged            |    14 |    50 |   143 |    55 ||   262
         Repelled          |       |       |     1 |       ||     1

Table legend: (Time is in decaauts)
 A = Elapsed time spent in this place.
 B = Non-inter-level travel time spent in this place.
 C = Inter-level travel time spent in this place.
 D = Time resting spent in this place.
 E = Time spent auto-exploring this place.
 F = Levels seen in this place.
 G = Mean time per level.
                   A        B        C        D        E       F      G
               +--------+--------+--------+--------+--------+-----+--------+
         Total |   8819 |   8396 |    423 |    569 |   5561 |  11 |  801.7 |
       Dungeon |   8155 |   7732 |    423 |    544 |   5219 |   9 |  906.1 |
        Temple |     17 |     17 |      0 |      0 |      0 |   1 |   17.0 |
         Sewer |    646 |    646 |      0 |     25 |    342 |   1 |  646.0 |
               +--------+--------+--------+--------+--------+-----+--------+

Top non-repeatable levels by time:
     D:3: 1205 daAuts
     D:2: 1137 daAuts
     D:4: 1077 daAuts
     D:5: 1020 daAuts
     D:1: 975 daAuts
     D:7: 943 daAuts
     D:8: 826 daAuts
     D:6: 761 daAuts
   Sewer: 646 daAuts
     D:9: 207 daAuts
  Temple: 17 daAuts
